 Dungeon Sprint DCSS version 0.17-a0-1636-g3119f2b (webtiles) character file.

3183 Kidiri the Unseen (level 9, -3/39 HPs)
             Began as a Spriggan Enchanter on Aug 5, 2015.
             Was a Follower of Dithmenos.
             Shot with a bolt by a yaktaur (16 damage)
             ... in the Dungeon (Sprint II: "The Violet Keep of Menkaure").
             The game lasted 00:06:36 (783 turns).

Kidiri the Unseen (Spriggan Enchanter)               Turns: 783, Time: 00:06:37

Health: -3/39      AC:  3    Str:  4    XL:     9   Next: 64%
Magic:  23/26      EV: 31    Int: 18    God:    Dithmenos [*.....]
Gold:   42         SH:  0    Dex: 18    Spells: 8 memorised, 6 levels left

rFire  . . .     SeeInvis +     i - +2 dagger (venom)
rCold  . . .     Clarity  .     b - +1 robe
rNeg   . . .     SustAt   .     (shield restricted)
rPois  .         Gourm    .     (helmet restricted)
rElec  .         Spirit   .     (no cloak)
rCorr  .         Warding  .     (gloves unavailable)
rMut   .         NoTele   +     (boots unavailable)
MR     +....                    (no amulet)
Stlth  +++++++++.               (no ring)
                                (no ring)

@: wreathed by umbra, very quick, somewhat resistant to hostile enchantments,
incredibly stealthy
A: unfitting armour, see invisible, herbivore 3, speed 3, slow metabolism 2
a: Renounce Religion


You were in the Dungeon.
You worshipped Dithmenos.
Dithmenos was aware of your devotion.
You were not hungry.

You visited 1 branch You collected 972 gold pieces.
You spent 930 gold pieces at shops.

Inventory:

Hand weapons
 a - a +1 dagger
 i - a +2 dagger of venom (weapon)
Armour
 b - a +1 robe (worn)
Scrolls
 j - a scroll of blinking
 k - a scroll of identify
Potions
 g - a potion of haste
 h - 2 potions of magic
Books
 c - a book of Maledictions

   Spells                             Type                      Level
   a - Corona                         Hexes                        1
   b - Ensorcelled Hibernation        Hexes/Ice                    2
   c - Confuse                        Hexes                        3
   d - Tukima's Dance                 Hexes                        3
   e - Dazzling Spray                 Conjuration/Hexes            3
 f - a book of Burglary

   Spells                             Type                      Level
   a - Swiftness                      Charms/Air                   2
   b - Passwall                       Transmutation/Earth          3
   c - Passage of Golubria            Translocation                4
   d - Lee's Rapid Deconstruction     Earth                        5
   e - Darkness                       Hexes                        6
   f - Invisibility                   Hexes                        6
Comestibles
 d - a bread ration


   Skills:
 + Level 8.1 Short Blades
 * Level 14.6 Dodging
 * Level 15.9 Stealth
 * Level 12.5 Spellcasting
 + Level 4.1 Conjurations
 + Level 9.6 Hexes
 + Level 0.3 Transmutations
 + Level 4.6 Ice Magic
 + Level 0.3 Earth Magic
 + Level 0.2 Invocations


You had 6 spell levels left.
You knew the following spells:

 Your Spells              Type           Power        Failure   Level  Hunger
a - Corona                Hex            #####..      1%          1    None
b - Ensorcelled Hibernat  Hex/Ice        #####.       1%          2    None
c - Confuse               Hex            #####...     1%          3    None
d - Tukima's Dance        Hex            #####...     1%          3    None
e - Dazzling Spray        Conj/Hex       #####...     1%          3    None
f - Passwall              Trmt/Erth      ##........   21%         3    None
g - Darkness              Hex            #####.....   21%         6    ######.
h - Invisibility          Hex            #####...     21%         6    ######.


Dungeon Overview and Level Annotations

Branches:
Dungeon (1/1)

Altars:
Cheibriados
Dithmenos
Elyvilon
Fedhas
Gozag
Kikubaaqudgha
Makhleb
Nemelex Xobeh
Okawaru
Qazlal
Ru
Sif Muna
Trog
Vehumet
Xom
Yredelemnul
Zin
The Shining One
Beogh
Jiyva
Lugonu

Shops:
D ==:%=(=:![}[[!?!

Annotations:
D exclusions: ice statue, oklob plant and orange crystal statue, Roxanne


Innate Abilities, Weirdness & Mutations

You are tiny and cannot use many weapons and most armour.
You have supernaturally acute eyesight.
You are a herbivore.
You cover ground extremely quickly.
You need consume almost no food.


Message History

Aiming: Ensorcelled Hibernation
Press: ? - help, Shift-Dir - straight line, f/p - wasp
Aim: a wasp (chance to defeat MR: 64%)
The wasp looks drowsy...
You feel yourself speed up.
Casting: Ensorcelled Hibernation
Confirm with . or Enter, or press ? or * to list all spells.
Okay, then.
Unknown command.
Casting: Ensorcelled Hibernation
Confirm with . or Enter, or press ? or * to list all spells.
Okay, then.
Unknown command.
The helpless wasp fails to defend itself.
You perforate the wasp like a sieve!!!!
You kill the wasp!
Dithmenos accepts your kill.
You are shrouded in an aura of darkness!
The yaktaur wields an arbalest.
The yaktaur shoots a bolt.
The bolt hits you!
You die...

.....#,,+,,,,*,,*,,*,,,,,,,,**,,,
+##..#,,****,*,,*,,*,,,,,,,,**,⌠,
#.##.####,,+.###*,,*,,,,,,,,**,,,
##.#,...#,,*...####*,,,,$,,,**,,,
#.####..##**#..##$#▓[?$?)))?▓*,,,
%###.##..#,,+..#..#▓!)$"!?([▓*,,,
.##...#..#,,#..#†c#▓%(?[[($$▓*,⌠,
<.'.##'..####..##.#▓$!?$?)$$**,,,
.##...#....###.^@##▓▓▓▓▓▓▓+▓▓**+*
'###.##≈..§..≈≈≈≈≈≈≈≈≈≈≈≈≈..,≈≈≈*
#.####≈≈...§.§#'########+###,≈,≈*
#%.#≈≈≈≈≈§≈..≈#....._._#§§§##≈≈≈*
#.##≈≈≈≈≈≈§≈.≈#...._._.#§≈≈§#****
'##≈≈≈≈≈≈≈≈≈≈≈#..._._._#§≈§§§**,,
≈≈≈≈≈≈≈§§≈§≈§≈#.._._._.#≈§t§§≈*,,
#+++#≈≈§≈§§≈§≈#.⌠._._._#§§§§§≈+,,
§§§≈##§§§###≈§#.._._._.#§≈§≈§≈*,,


You could see a yaktaur.

Vanquished Creatures
  A kraken (D)
  2 polar bears (D)
  2 boulder beetles (D)
  2 hippogriffs (D)
  A wasp (D)
  4 necrophages (D)
  A crocodile (D)
  A scorpion (D)
  3 worms (D)
17 creatures vanquished.

Vanquished Creatures (others)
  4 tentacles (D)
  18 tentacle segments (D)
22 creatures vanquished.

Grand Total: 39 creatures vanquished

Notes
Turn   | Place    | Note
--------------------------------------------------------------
     0 | D        | Kidiri the Spriggan Enchanter began the quest for the Orb.
     0 | D        | Reached XP level 1. HP: 9/9 MP: 5/5
     1 | D        | Noticed a boulder beetle
     1 | D        | Noticed a boulder beetle
     4 | D        | Noticed a necrophage
     4 | D        | Noticed a necrophage
     4 | D        | Noticed a necrophage
     4 | D        | Noticed a necrophage
    13 | D        | Killed a necrophage
    13 | D        | Reached skill level 6 in Dodging
    13 | D        | Reached skill level 7 in Stealth
    13 | D        | Reached skill level 5 in Spellcasting
    13 | D        | Reached skill level 5 in Hexes
    13 | D        | Reached XP level 2. HP: 13/13 MP: 3/9
    13 | D        | Reached XP level 3. HP: 16/16 MP: 3/11
    13 | D        | Reached XP level 4. HP: 21/21 MP: 3/12
    23 | D        | Killed a necrophage
    23 | D        | Reached skill level 8 in Dodging
    23 | D        | Reached skill level 9 in Stealth
    23 | D        | Reached XP level 5. HP: 23/23 MP: 4/15
    31 | D        | Killed a necrophage
    31 | D        | Reached skill level 10 in Stealth
    67 | D        | Killed a necrophage
    67 | D        | Reached skill level 5 in Short Blades
    67 | D        | Reached skill level 10 in Dodging
    67 | D        | Reached skill level 11 in Stealth
    67 | D        | Reached XP level 6. HP: 13/26 MP: 7/18
    80 | D        | Learned a level 2 spell: Ensorcelled Hibernation
    84 | D        | Learned a level 3 spell: Confuse
    88 | D        | Learned a level 3 spell: Tukima's Dance
    92 | D        | Learned a level 3 spell: Dazzling Spray
   232 | D        | Noticed a hippogriff
   232 | D        | Noticed a hippogriff
   238 | D        | Killed a hippogriff
   238 | D        | Reached skill level 1 in Conjurations
   238 | D        | Reached skill level 1 in Ice Magic
   242 | D        | Killed a hippogriff
   242 | D        | Reached skill level 12 in Stealth
   242 | D        | Reached XP level 7. HP: 25/30 MP: 9/21
   334 | D        | Found Umuhip's Antique Armour Shop.
   334 | D        | Found Ungayrel's Distillery.
   334 | D        | Found Muoppin's Distillery.
   334 | D        | Found Suath's Antique Armour Boutique.
   334 | D        | Found Totu's Distillery.
   334 | D        | Found Kenget's Gadget Boutique.
   334 | D        | Found Nolesis's Book Shop.
   334 | D        | Found Qizycva's Antique Armour Boutique.
   334 | D        | Found Nefufu's Magic Scroll Boutique.
   352 | D        | Killed a boulder beetle
   352 | D        | Reached skill level 10 in Spellcasting
   355 | D        | Killed a boulder beetle
   355 | D        | Reached skill level 13 in Stealth
   368 | D        | Noticed an ice statue
   370 | D        | Noticed a crocodile
   372 | D        | Killed a crocodile
   372 | D        | Reached XP level 8. HP: 34/34 MP: 23/23
   387 | D        | Noticed an orange crystal statue
   394 | D        | Noticed a scorpion
   396 | D        | Killed a scorpion
   403 | D        | Found Tukkuiff's Jewellery Shop.
   403 | D        | Found Impotaf's Antique Weapon Boutique.
   407 | D        | Found Ysunoh's Jewellery Boutique.
   407 | D        | Found Qaipn's Food Shop.
   407 | D        | Noticed an iron elemental
   407 | D        | Noticed an oklob plant
   408 | D        | Found Olohoatec's Jewellery Shop.
   408 | D        | Found Eqefes's Book Shoppe.
   408 | D        | Found Mac Felu's Jewellery Boutique.
   423 | D        | Bought a book of Burglary for 825 gold pieces
   427 | D        | Learned a level 3 spell: Passwall
   434 | D        | Learned a level 6 spell: Darkness
   441 | D        | Learned a level 6 spell: Invisibility
   443 | D        | Bought a runed dagger for 50 gold pieces
   464 | D        | Bought a scroll of identify for 20 gold pieces
   464 | D        | Bought a scroll of magic mapping for 35 gold pieces
   475 | D        | Noticed a yak
   481 | D        | Noticed a yak
   507 | D        | Noticed a kraken
   546 | D        | Killed a kraken
   546 | D        | Reached skill level 14 in Dodging
   546 | D        | Reached skill level 15 in Stealth
   546 | D        | Reached XP level 9. HP: 15/37 MP: 17/26
   733 | D        | Found a deep blue altar of Sif Muna.
   734 | D        | Found a burning altar of Makhleb.
   734 | D        | Found a stormy altar of Qazlal.
   734 | D        | Found a blossoming altar of Fedhas.
   735 | D        | Found a basalt altar of Yredelemnul.
   735 | D        | Found a glowing golden altar of the Shining One.
   735 | D        | Found a glowing silver altar of Zin.
   736 | D        | Found a viscous altar of Jiyva.
   736 | D        | Found a bloodstained altar of Trog.
   736 | D        | Found a corrupted altar of Lugonu.
   737 | D        | Found a roughly hewn altar of Beogh.
   737 | D        | Found an opulent altar of Gozag.
   738 | D        | Found a radiant altar of Vehumet.
   738 | D        | Found a shimmering altar of Xom.
   738 | D        | Found a sacrificial altar of Ru.
   738 | D        | Found an iron altar of Okawaru.
   738 | D        | Noticed a polar bear
   740 | D        | Found a white marble altar of Elyvilon.
   740 | D        | Found a snail-covered altar of Cheibriados.
   740 | D        | Found a shadowy altar of Dithmenos.
   740 | D        | Noticed a wasp
   741 | D        | Found an ancient bone altar of Kikubaaqudgha.
   741 | D        | Found a sparkling altar of Nemelex Xobeh.
   741 | D        | Noticed a yaktaur
   744 | D        | Noticed a crocodile
   745 | D        | Noticed a crocodile
   756 | D        | Became a worshipper of Dithmenos the Shadowed
   761 | D        | Noticed Roxanne
   772 | D        | Noticed a polar bear
   772 | D        | Noticed a polar bear
   773 | D        | Killed a polar bear
   774 | D        | Killed a polar bear
   783 | D        | Killed a wasp
   783 | D        | Shot with a bolt by a yaktaur

Vault maps used:
D:        the_violet_keep_of_menkaure

Action                   |  1- 3 |  4- 6 |  7- 9 || total
-------------------------+-------+-------+-------++-------
Melee: Dagger            |     5 |    52 |    11 ||    68
 Cast: Corona            |     2 |     4 |       ||     6
       Ensorcelled Hiber |       |     4 |     5 ||     9
       Confuse           |       |       |     1 ||     1
       Dazzling Spray    |       |       |     1 ||     1
  Use: Potion            |     1 |     1 |     1 ||     3
       Scroll            |       |       |     1 ||     1
 Stab: Sleeping          |       |     2 |    11 ||    13
